 Dungeon Crawl Stone Soup version 0.31.0-32-g396128a36d (webtiles) character file.

Game seed: 5970635349079003337

81174 jimmypageman the Peltast (level 15, -21/129 HPs)
             Began as a Minotaur Fighter on Mar 11, 2024.
             Was an Elder of Okawaru.
             Killed from afar by an occultist (illusionary) (49 damage)
             ... with a fireball
             ... on level 15 of the Dungeon.
             The game lasted 00:34:39 (24397 turns).

jimmypageman the Peltast (Minotaur Fighter)        Turns: 24397, Time: 00:34:41

Health: -21/129    AC: 23    Str: 36    XL:     15   Next: 25%
Magic:  21/21      EV: 13    Int: 13    God:    Okawaru [****..]
Gold:   1475       SH: 28    Dex: 11    Spells: 14/14 levels left

rFire   . . .        u - +3 flail (heavy)
rCold   + + .        R - +0 tower shield
rNeg    . . .        G - +0 chain mail {rC+}
rPois   .            (helmet restricted)
rElec   +            c - +2 cloak
rCorr   +            b - +2 pair of gloves
SInv    .            P - +0 pair of boots of Loss {rElec rC+ Int+2}
Will    ++...        i - amulet of reflection Stlth
                     Q - +6 ring of strength
HPRegen 0.41/turn    F - ring "Koopaihep" {Will+ rCorr Str+3 Int+6 Stlth-}
MPRegen 0.17/turn

%: reflection
@: heroic
A: horns 2, retaliatory headbutt
a: Renounce Religion, Heroism, Finesse


You were on level 15 of the Dungeon.
You worshipped Okawaru.
Okawaru was greatly pleased with you.
You visited 3 branches of the dungeon, and saw 22 of its levels.
You also visited: Sewer and Gauntlet.

You collected 2155 gold pieces.
You spent 680 gold pieces at shops.

Inventory:

Hand Weapons
 u - a +3 heavy flail (weapon)
Missiles
 a - 21 boomerangs
 j - 12 curare-tipped darts (quivered)
 l - 7 silver javelins
 q - 2 throwing nets
 C - 5 javelins
Armour
 b - a +2 pair of gloves (worn)
 c - a +2 cloak (worn)
 G - a +0 chain mail of cold resistance (worn)
 P - the +0 pair of boots of Loss (worn) {rElec rC+ Int+2}
   (Okawaru gifted it to you on level 12 of the Dungeon)

   Int+2:     It affects your intelligence (+2).
   rC+:       It protects you from cold.
   rElec:     It insulates you from electricity.
 R - a +0 tower shield (worn)
Jewellery
 d - a ring of the Octopus King {rC+ HP+2 AC+2 EV+2 SH+2}
   (You found it on level 4 of the Lair of Beasts)

   [ring of protection from cold]

   AC+2:      It affects your AC (+2).
   EV+2:      It affects your evasion (+2).
   rC+:       It protects you from cold.
   HP+2:      It affects your health (+2).
   SH+2:      It affects your SH (+2).
 i - an amulet of reflection (around neck)
 E - the ring of Ceofeesk {MP-9 Int+6 SInv}
   (You took it off a minotaur in a Gauntlet)

   [ring of see invisible]

   Int+6:     It affects your intelligence (+6).
   MP-9:      It affects your magic capacity (-9).
   SInv:      It lets you see invisible.
 F - the ring "Koopaihep" (right hand) {Will+ rCorr Str+3 Int+6 Stlth-}
   (You found it in a Gauntlet)

   [ring of intelligence]

   Str+3:     It affects your strength (+3).
   Int+6:     It affects your intelligence (+6).
   Will+:     It increases your willpower.
   rCorr:     It protects you from acid and corrosion.
   Stlth-:    It makes you less stealthy.
 J - the ring of Circularity {Fly Dex+6}
   (You found it in a Gauntlet)

   [ring of flight]

   Dex+6:     It affects your dexterity (+6).
   Fly:       It grants you flight.
 Q - a +6 ring of strength (left hand)
Wands
 p - a wand of acid (8)
 r - a wand of flame (5)
 x - a wand of paralysis (18)
 H - a wand of iceblast (11)
 I - a wand of digging (5)
Scrolls
 e - 6 scrolls of teleportation
 g - a scroll of brand weapon
 h - 4 scrolls of blinking
 m - 2 scrolls of fear
 o - 5 scrolls of enchant weapon
 w - 5 scrolls of revelation
 y - a scroll of noise
 z - 3 scrolls of enchant armour
 K - 2 scrolls of identify
Potions
 f - 3 potions of cancellation
 k - 4 potions of mutation
 n - 2 potions of magic
 s - 3 potions of heal wounds
 t - 5 potions of curing
 v - 2 potions of enlightenment
 A - a potion of lignification
 B - a potion of berserk rage
 D - 2 potions of haste
 L - a potion of resistance
 M - 3 potions of ambrosia
 N - a potion of might


   Skills:
 + Level 11.0(16.0) Fighting
 * Level 16.8(21.8) Maces & Flails
 + Level 2.6(7.6) Throwing
 + Level 11.7(16.7) Armour
 + Level 5.7(10.7) Dodging
 + Level 1.8(6.8) Stealth
 * Level 19.5(24.5) Shields
 * Level 10.0 Invocations


You had 14 spell levels left.
You didn't know any spells.
Your spell library contained the following spells:

 Spells                   Type           Power      Damage    Failure   Level
 Freeze                   Ice            0%         1d3       61%         1
 Ensorcelled Hibernation  Hex/Ice        0%         N/A       75%         2
 Jinxbite                 Hex            0%         N/A       75%         2
 Frozen Ramparts          Ice            0%         1d1       93%         3
 Hailstorm                Conj/Ice       0%         3d5       93%         3
 Cause Fear               Hex            0%         N/A       100%        4
 Ignite Poison            Fire/Alch      0%         N/A       100%        4
 Manifold Assault         Tloc           0%         N/A       100%        4
 Sticky Flame             Fire/Alch      0%         2d4       100%        4
 Fireball                 Conj/Fire      0%         3d3       100%        5
 Freezing Cloud           Conj/Ice/Air   0%         6-21      100%        5
 Yara's Violent Unravell  Hex/Alch       0%         3d3       100%        5
 Dispersal                Tloc           0%         N/A       100%        6
 Enfeeble                 Hex            0%         N/A       100%        7
 Ozocubu's Refrigeration  Ice            0%         4d7       100%        7
 Disjunction              Tloc           0%         N/A       100%        8
 Ignition                 Fire           0%         3d3       100%        8
 Dragon's Call            Summ           Unusable   N/A       N/A         9

Dungeon Overview and Level Annotations

Branches:
Dungeon (15/15)            Temple (0/1) D:7            Lair (5/5) D:10
 Shoals (0/4) Lair:2       Spider (0/4) Lair:3        Slime (0/5) Lair:4
    Orc (2/2) D:12            Elf (0/3) Orc:2        Vaults (0/5) D:14
  Sewer (visited)         Gauntlet (visited)
 Depths: D:15

Altars:
Cheibriados
Dithmenos
Elyvilon
Hepliaklqana
Okawaru
Sif Muna
Vehumet
Xom
Zin
Jiyva

Shops:
D:3 [:=   D:5 *   D:6 :   D:10 !   D:11 *   Orc:2 (?[(*

Portals:
Trove: D:15 (give +5 demon trident)

Annotations:
D:7 Jeremiah
D:8 exclusion: obsidian statue
D:14 3 runed translucent doors, Jogov's ghost, journeyman DgHW
Lair:1 3 runed translucent doors, uncleiroh's ghost, journeyman DsBe


Innate Abilities, Weirdness & Mutations

You have a pair of horns on your head.
You reflexively headbutt those who attack you in melee.


Message History

The poison arrow hits you!
You are poisoned.
* * * LOW HITPOINT WARNING * * *
The rakshasa weaves an illusion.
You are too injured to fight recklessly!
Unknown command.
You are too injured to fight recklessly!
Unknown command.
You are too injured to fight recklessly!
You are too injured to fight recklessly!
You miss the rakshasa. Your headbutt misses the rakshasa.
The rakshasa is heavily wounded.
* * * LOW HITPOINT WARNING * * *
You feel extremely sick. Something hits you but does no damage.
The rakshasa hits you but does no damage.
The rakshasa weaves an illusion.
You feel better. Something hits you but does no damage.
You block the rakshasa's attack. The rakshasa closely misses you.
You furiously retaliate!
You headbutt the rakshasa. You miss the rakshasa.
The rakshasa is heavily wounded.
You block something's attack. You block the rakshasa's attack.
The rakshasa blinks!
You sock the rakshasa!
You kill the rakshasa!
The rakshasa shimmers and vanishes!
Something hits you but does no damage. Something barely misses you.
Something hits you but does no damage.
You hear some strange, mumbled words.
A poison arrow appears from out of thin air!
You block the poison arrow... and reflect it back!
The poison arrow hits something!!
Reactivating autopickup.
The rakshasa weaves an illusion.
You hear some strange, mumbled words.
A fireball appears from out of thin air!
The fireball explodes!
Deactivating autopickup; reactivate with Ctrl-A.
The fireball engulfs you!!!
You die...

#### #.. ###### #.#
.....###########.#
.....##.........@#
.....##.########'#
.....##.#..# #..{{.#
.....##.#..##.......#
.....##.#..#.R#####..#
#....##.#..#.. ..#
#....##.#..#8 8#
.....)<....# #
#...)##.#.##


You could see a rakshasa.

Vanquished Creatures
  A cacodemon (Gauntlet)
  2 orc warlords (Orc:2)
  Nessos (Lair:5)
  A minotaur (Gauntlet)
  A fire dragon (Lair:1)
  8 vault guards (D:14)
  Erolcha (Orc:1)
  5 hydras
  3 centaur warriors
  3 catoblepae (Lair:5)
  A two-headed ogre (Orc:2)
  3 boulder beetles
  16 death yaks
  A tengu warrior (D:14)
  Nergalle (D:10)
  Sonja (D:11)
  A sixfirhy (Gauntlet)
  3 skeletal warriors (D:12)
  A harpy (shapeshifter) (D:14)
  An obsidian statue (Gauntlet)
  Pikel (D:7)
  3 deep elf pyromancers
  3 orc sorcerers
  4 manticores
  3 cyclopes
  A merfolk siren (Lair:2)
  An ice statue (D:8)
  Maurice (D:9)
  6 elephants (Lair:4)
  6 black mambas
  2 kobold blastminers (Orc:1)
  Maggie (D:7)
  4 torpor snails
  2 gargoyles
  9 cane toads
  2 unseen horrors (D:12)
  3 rime drakes
  6 komodo dragons
  A freezing wraith (D:14)
  A tengu conjurer (D:15)
  2 polar bears
  A troll (Orc:1)
  A wolf spider simulacrum (D:14)
  A hornet (D:10)
  7 blink frogs
  13 dream sheep
  9 slime creatures
  5 shadows
  55 yaks
  4 centaur simulacra (Gauntlet)
  A wraith (D:12)
  3 wyverns
  3 basilisks
  3 steam dragons
  Grum (D:9)
  3 vampire mosquitoes (D:10)
  3 redbacks (Lair:3)
  2 wargs (Orc:2)
  2 acid dragons
  Edmund (D:5)
  8 water moccasins
  31 orc warriors
  A black bear (D:4)
  A sky beast (D:6)
  An ice beast (D:6)
  3 ogres
  20 wolves
  11 centaurs
  Blork the orc (D:4)
  2 kobold brigands
  2 brain worms (Sewer)
  9 bullfrogs
  A scorpion (D:5)
  10 wights (D:6)
  17 killer bees
  6 howler monkeys
  2 bombardier beetles
  A jelly (D:4)
  A wyvern simulacrum (Gauntlet)
  3 hounds
  2 gnoll boudas
  16 orc priests
  A sleepcap (D:3)
  5 iguanas
  22 orc wizards
  12 gnolls
  12 adders
  3 river rats (Sewer)
  A shadow imp (D:6)
  4 white imps
  5 ufetubi
  5 dart slugs
  3 ribbon worms
  64 orcs
  9 ball pythons
  4 bats
  6 endoplasms
  2 giant cockroaches
  12 goblins
  8 hobgoblins
  9 jackals
  A quokka (D:1)
  4 frilled lizards
  22 kobolds
  10 rats
608 creatures vanquished.

Vanquished Creatures (others)
  A deep elf pyromancer (D:12)
  An orc wizard (Orc:2)
  2 orcs (Orc:2)
4 creatures vanquished.

Grand Total: 612 creatures vanquished

Notes
Turn   | Place    | Note
-------+----------+-------------------------------------------
     0 | D:1      | jimmypageman the Minotaur Fighter began the quest for the
                  | Orb.
     0 | D:1      | Reached XP level 1. HP: 19/19 MP: 0/0
    83 | D:1      | Reached skill level 4 in Shields
   101 | D:1      | Reached XP level 2. HP: 27/27 MP: 1/1
   613 | D:2      | Found a faded altar of an unknown god.
   720 | D:2      | Reached XP level 3. HP: 32/33 MP: 2/2
  1468 | D:3      | Reached XP level 4. HP: 40/40 MP: 3/3
  1548 | D:3      | Found an iron altar of Okawaru.
  1573 | D:3      | Became a worshipper of Warmaster Okawaru
  1686 | D:3      | Found Oplufeh's Antique Armour Boutique.
  1813 | D:3      | Found Cost's Book Emporium.
  1833 | D:3      | Reached XP level 5. HP: 21/46 MP: 4/4
  1850 | D:3      | Reached skill level 5 in Maces & Flails
  1850 | D:3      | Reached skill level 5 in Shields
  1850 | D:3      | Reached skill level 1 in Invocations
  2511 | D:3      | Found Cizod's Jewellery Shop.
  2687 | D:4      | Noticed a black bear
  2696 | D:4      | Killed a black bear
  2697 | D:4      | Reached skill level 1 in Dodging
  2697 | D:4      | Reached XP level 6. HP: 31/52 MP: 4/6
  2735 | D:4      | Found a hazy altar of Hepliaklqana.
  2740 | D:4      | Noticed Blork the orc
  2750 | D:4      | Killed Blork the orc
  2816 | D:4      | Reached * piety under Okawaru
  2928 | D:4      | Reached XP level 7. HP: 47/59 MP: 7/7
  3130 | D:4      | Found a glowing drain.
  3139 | Sewer    | Entered a sewer
  3419 | Sewer    | Reached skill level 6 in Shields
  3584 | Sewer    | Reached skill level 5 in Armour
  4334 | D:5      | Entered Level 5 of the Dungeon
  4418 | D:5      | Reached ** piety under Okawaru
  4439 | D:5      | Found Ilis's General Store.
  4576 | D:5      | Reached XP level 8. HP: 44/67 MP: 7/9
  4953 | D:5      | Noticed Edmund
  4961 | D:5      | Killed Edmund
  4962 | D:5      | Reached skill level 7 in Shields
  5569 | D:6      | Found Nali's Vocational Training.
  5578 | D:6      | Reached skill level 5 in Fighting
  5779 | D:6      | Found a shimmering altar of Xom.
  5799 | D:6      | Reached *** piety under Okawaru
  5800 | D:6      | Reached skill level 8 in Shields
  5805 | D:6      | Reached XP level 9. HP: 72/74 MP: 10/10
  6851 | D:7      | Reached skill level 9 in Shields
  6885 | D:7      | Noticed Maggie
  6902 | D:7      | Killed Maggie
  6902 | D:7      | Reached **** piety under Okawaru
  6903 | D:7      | Reached skill level 10 in Maces & Flails
  7108 | D:7      | Found a staircase to the Ecumenical Temple.
  7166 | D:7      | Noticed Pikel
  7174 | D:7      | Killed Pikel
  7302 | D:7      | Reached XP level 10. HP: 83/83 MP: 12/12
  7353 | D:7      | Noticed Jeremiah
  7781 | D:8      | Noticed an ice statue
  7793 | D:8      | Killed an ice statue
  8321 | D:8      | Noticed an obsidian statue
  8485 | D:9      | Noticed Maurice
  8491 | D:9      | Something stole a ring of fire
  8491 | D:9      | Something stole 5 boomerangs
  8493 | D:9      | Something stole 570 gold
  8497 | D:9      | Killed Maurice
  8497 | D:9      | Reached ***** piety under Okawaru
  8498 | D:9      | Reached skill level 5 in Invocations
  8755 | D:9      | Got Kiod Hot's Notes on Freezing
  8912 | D:9      | Reached skill level 10 in Shields
  9121 | D:9      | Found a snail-covered altar of Cheibriados.
  9221 | D:9      | Noticed Grum
  9232 | D:9      | Killed Grum
  9232 | D:9      | Received a gift from Okawaru
  9742 | D:10     | Entered Level 10 of the Dungeon
  9748 | D:10     | Noticed Nergalle
  9756 | D:10     | Killed Nergalle
  9872 | D:10     | Reached XP level 11. HP: 84/92 MP: 14/14
  9905 | D:10     | Found Ydugez's Distillery.
  9934 | D:10     | Identified the +1 arbalest "Yvatief" {flame, rPois rF-
                  | Int-2 Dex+7}
  9964 | D:10     | Reached skill level 11 in Shields
  9978 | D:10     | Found a radiant altar of Vehumet.
 10020 | D:10     | Received a gift from Okawaru
 10093 | D:10     | Found a staircase to the Lair.
 10425 | D:11     | Found a gate leading to a gauntlet.
 10450 | Gauntlet | Entered a Gauntlet
 10450 | Gauntlet | Found a transporter.
 10549 | Gauntlet | Found a transporter.
 10552 | Gauntlet | Found a transporter.
 10553 | Gauntlet | Found a transporter.
 10561 | Gauntlet | Found a transporter.
 10564 | Gauntlet | Found a transporter.
 10565 | Gauntlet | Found a transporter.
 10570 | Gauntlet | Noticed a sixfirhy
 10575 | Gauntlet | Found a transporter.
 10577 | Gauntlet | Found a transporter.
 10578 | Gauntlet | Found a transporter.
 10586 | Gauntlet | Noticed a cacodemon
 10590 | Gauntlet | Found a transporter.
 10590 | Gauntlet | Found a transporter.
 10591 | Gauntlet | Found a transporter.
 10597 | Gauntlet | Noticed an obsidian statue
 10599 | Gauntlet | Found a transporter.
 10686 | Gauntlet | Reached skill level 1 in Throwing
 10809 | Gauntlet | Killed a sixfirhy
 10839 | Gauntlet | Killed a cacodemon
 10924 | Gauntlet | Identified the +6 battleaxe of Instant Death {holy, rC+}
 10932 | Gauntlet | Noticed a sun demon
 10937 | Gauntlet | Killed an obsidian statue
 10937 | Gauntlet | Received a gift from Okawaru
 10938 | Gauntlet | Reached skill level 12 in Shields
 10943 | Gauntlet | Identified the ring "Koopaihep" {Will+ rCorr Str+3 Int+6
                  | Stlth-}
 10963 | Gauntlet | Identified the ring of Ceofeesk {MP-9 Int+6 SInv}
 10963 | Gauntlet | Noticed a minotaur
 10973 | Gauntlet | Killed a minotaur
 10979 | Gauntlet | Identified the ring of Circularity {Fly Dex+6}
 11116 | D:11     | Found Vihizap's Assorted Antiques.
 11122 | D:11     | Bought a bloodstained chain mail for 285 gold pieces
 11122 | D:11     | Identified the +7 chain mail of Failure {-Tele rN++ SInv}
                  | (You bought it in a shop on level 11 of the Dungeon)
 11122 | D:11     | Bought a scroll of identify for 60 gold pieces
 11122 | D:11     | Bought a scroll of identify for 60 gold pieces
 11178 | D:11     | Found a glowing silver altar of Zin.
 11230 | D:11     | Noticed Sonja
 11238 | D:11     | Killed Sonja
 11934 | D:12     | Noticed a boulder beetle
 11955 | D:12     | Killed a boulder beetle
 11955 | D:12     | Received a gift from Okawaru
 11970 | D:12     | Noticed a boulder beetle
 11986 | D:12     | Killed a boulder beetle
 11987 | D:12     | Reached XP level 12. HP: 74/101 MP: 16/16
 12156 | D:12     | Reached skill level 13 in Shields
 12269 | D:12     | Found a staircase to the Orcish Mines.
 12420 | D:12     | Received a gift from Okawaru
 12523 | D:12     | Reached ****** piety under Okawaru
 12524 | D:12     | Acquired a +3 heavy flail
 12524 | D:12     | Received a gift from Okawaru
 12527 | D:12     | Acquired the +0 pair of boots of Loss {rElec rC+ Int+2}
 12527 | D:12     | Received a gift from Okawaru
 12964 | D:12     | Found a shimmering blue altar of Sif Muna.
 13032 | Lair:1   | Entered Level 1 of the Lair of Beasts
 13282 | Lair:1   | Reached skill level 14 in Shields
 13287 | Lair:1   | Reached skill level 10 in Armour
 13366 | Lair:1   | Found a runed translucent gate.
 13367 | Lair:1   | Found a runed translucent gate.
 13368 | Lair:1   | Found a runed translucent gate.
 13371 | Lair:1   | Noticed uncleiroh's ghost (journeyman DsBe)
 13371 | Lair:1   | Noticed a minotaur
 13372 | Lair:1   | Identified the +0 robe of Setauham {rN+ Int+4}
 13597 | Lair:1   | Reached skill level 1 in Stealth
 13707 | Lair:1   | You are sucked into a shaft and drop 1 floor!
 13811 | Lair:1   | Noticed a fire dragon
 13824 | Lair:1   | Killed a fire dragon
 13824 | Lair:1   | Received a gift from Okawaru
 14088 | Lair:2   | Noticed an eight-headed hydra
 14094 | Lair:2   | Killed an eight-headed hydra
 14095 | Lair:2   | Reached skill level 15 in Maces & Flails
 14678 | Lair:2   | Noticed a death yak
 14678 | Lair:2   | Noticed a death yak
 14678 | Lair:2   | Noticed a death yak
 14678 | Lair:2   | Noticed a death yak
 14691 | Lair:2   | Killed a death yak
 14692 | Lair:2   | Reached XP level 13. HP: 111/111 MP: 18/18
 14717 | Lair:2   | Reached skill level 15 in Shields
 14960 | Lair:2   | Found a staircase to the Shoals.
 15688 | Lair:3   | Found a hole to the Spider Nest.
 16197 | Lair:3   | Received a gift from Okawaru
 16878 | Lair:4   | Found a viscous altar of Jiyva.
 16878 | Lair:4   | Found a staircase to the Slime Pits.
 16989 | Lair:4   | Found the ring of the Octopus King
 16997 | Lair:4   | Identified a ring of the Octopus King {rC+ HP+2 AC+2 EV+2
                  | SH+2}
 17021 | Lair:4   | Reached skill level 16 in Shields
 17294 | Lair:4   | Received a gift from Okawaru
 18374 | Lair:5   | Entered Level 5 of the Lair of Beasts
 18459 | Lair:5   | Reached skill level 10 in Fighting
 18480 | Lair:5   | Reached skill level 5 in Dodging
 18530 | Lair:5   | Noticed Nessos
 18551 | Lair:5   | Reached XP level 14. HP: 44/121 MP: 19/19
 18706 | Lair:5   | Killed Nessos
 18940 | Lair:5   | Reached skill level 17 in Shields
 18942 | Lair:5   | Received a gift from Okawaru
 19821 | Lair:5   | Received a gift from Okawaru
 20369 | Orc:1    | Entered Level 1 of the Orcish Mines
 20479 | Orc:1    | Reached skill level 18 in Shields
 20630 | Orc:1    | Noticed Erolcha
 20635 | Orc:1    | Killed Erolcha
 20747 | Orc:2    | Entered Level 2 of the Orcish Mines
 20779 | Orc:2    | Found Fixythag's Weapon Shop.
 20841 | Orc:2    | Noticed an orc warlord
 20864 | Orc:2    | Killed an orc warlord
 20864 | Orc:2    | Received a gift from Okawaru
 21149 | Orc:2    | Found a staircase to the Elven Halls.
 21219 | Orc:2    | Found Luofynump's Magic Scroll Emporium.
 21227 | Orc:2    | Bought a scroll of brand weapon for 123 gold pieces
 21227 | Orc:2    | Bought a scroll of teleportation for 39 gold pieces
 21227 | Orc:2    | Bought a scroll of identify for 26 gold pieces
 21227 | Orc:2    | Bought a scroll of teleportation for 39 gold pieces
 21325 | Orc:2    | Noticed an orc warlord
 21662 | Orc:2    | Found Ciaxkosm's Antique Weapon Emporium.
 21666 | Orc:2    | Found Zaavo's Antique Armour Shoppe.
 21829 | Orc:2    | Killed an orc warlord
 22128 | Orc:2    | Found Ufucsut's General Store.
 22133 | Orc:2    | Bought a potion of curing for 48 gold pieces
 23136 | D:14     | Found a shadowy altar of Dithmenos.
 23395 | D:14     | Found a white marble altar of Elyvilon.
 23438 | D:14     | Found a runed translucent gate.
 23438 | D:14     | Found a runed translucent gate.
 23438 | D:14     | Found a runed translucent gate.
 23440 | D:14     | Noticed an acid blob
 23442 | D:14     | Noticed Jogov's ghost (journeyman DgHW)
 23442 | D:14     | Noticed an acid blob
 23540 | D:14     | Reached XP level 15. HP: 127/128 MP: 21/21
 23807 | D:14     | Found a gate to the Vaults.
 23814 | D:14     | Reached skill level 19 in Shields
 24216 | D:14     | Found a viscous altar of Jiyva.
 24221 | D:15     | Entered Level 15 of the Dungeon
 24236 | D:15     | Found a portal to a secret trove of treasure.
 24253 | D:15     | Reached skill level 10 in Invocations
 24397 | D:15     | Killed from afar by an occultist (illusionary)

Illustrated notes

Levels and vault maps discovered:
D:1:      hellmonk_arrival_library, layout_rooms, minmay_misc_feat_rugged,
          minmay_tiny_reverse_x
D:2:      layout_loops_ring, serial_forest, infiniplex_forest_lined_room_2,
          infiniplex_forest_zigzag_1, infiniplex_forest_lined_room_2,
          infiniplex_forest_clump_tiny, infiniplex_forest_lined_3,
          infiniplex_forest_clump_diagonal, infiniplex_forest_clump_medium,
          infiniplex_forest_end_2, infiniplex_forest_zigzag_1,
          shapermc_ecumenical_altar_ellora
D:3:      layout_loops_corners, okawaru_altar_gauntlet_db, serial_shops, shop,
          nicolae_square_shop, nicolae_diamond_shop, serial_bayou_pond_c,
          dreamdust_wishing_well
D:4:      layout_layer_cave, mainiacjoe_overflow_catwalk,
          cheibrodos_sewer_entry_bend, uniq_blork_the_orc
D:5:      nicolae_cairo_tiling_large, layout_basic, serial_shops,
          nicolae_shop_statue_plus, uniq_edmund
D:6:      layout_basic, lemuel_crystal_altar, serial_rivers,
          chequers_serial_rivers_large_a, chequers_serial_rivers_small_3,
          chequers_serial_rivers_micro_a, chequers_serial_rivers_small_b,
          chequers_serial_rivers_micro_c, hex_large, nicolae_shop_vocational
D:7:      layout_rooms, minmay_temple_entry_trees, uniq_jeremiah, uniq_maggie,
          uniq_pikel
D:8:      minmay_separated_statues, layout_cave_pools, serial_rivers,
          chequers_serial_rivers_small_b, chequers_serial_rivers_marsh,
          chequers_serial_rivers_micro_a, chequers_serial_rivers_micro_d,
          chequers_serial_rivers_large_b, chequers_serial_rivers_small_b
D:9:      layout_grid_maze, cheibrodos_worm_habitat, st_stairs_14,
          minmay_misc_feat_tiny, uniq_maurice, uniq_grum
D:10:     layout_rooms, vehumet_altar_wand_db, lair_entry_dummy, serial_shops,
          nicolae_take_the_stairs, uniq_nergalle
D:11:     layout_cave_pools, gauntlet_entry_generic, serial_shops, shop,
          zin_academy, uniq_sonja
D:12:     layout_loops_ring, orc_0_dummy, abandoned_shop, lemuel_blue_sif_altar
D:13:     layout_roguey
D:14:     layout_basic, erik_vaults_2, grunt_dithmenos_smoke_and_mirrors,
          gammafunk_ghost_ooze, elyvilon_altar_1
D:15:     grunt_enter_depths_magical_seal, layout_basic,
          nicolae_trove_entry_crossroad, xom_shifter_show
Lair:1:   dragon1_lemuel, layout_big_grid, maelrawn_ghost_gauntlet_escape,
          grunt_megastairs_5
Lair:2:   layout_regular_city, minmay_shoals_entry_lonely_mermaid
Lair:3:   layout_cave_pods, spider_nest_entry_webs, ldierk_geyser
Lair:4:   layout_layer_cave, dpeg_slime_entry_enclosed, lemuel_fruit_fields,
          grunt_megastairs_2
Lair:5:   evilmike_catoblepas_cave, layout_misc_corridors, uniq_nessos
Orc:1:    layout_caves, basic_altar, uniq_erolcha
Orc:2:    grunt_orc_community_town_hall, layout_caves,
          grunt_orc_community_big_house_1, grunt_orc_community_big_house_2,
          grunt_orc_community_house_1, grunt_orc_community_house_1,
          grunt_orc_community_house_3, grunt_orc_community_house_3,
          serial_shops, shop

Skill      XL: |  1  2  3  4  5  6  7  8  9 10 11 12 13 14 15 |
---------------+----------------------------------------------+-----
Shields        | 4 5 6 8 9 10 12 14 16 18 19 | 19.5
Armour         | 4 5 6 7 8 9 10 11 | 11.7
Maces & Flails | 3 4 5 6 7 9 10 12 14 15 16 | 16.8
Fighting       | 4 5 6 7 9 10 11 | 11.0
Invocations    | 1 2 3 4 5 7 8 9 10 | 10.0
Dodging        | 1 2 3 5 |  5.7
Throwing       | 1 2 |  2.6
Stealth        | 1 |  1.8

Action                     |  1- 3 |  4- 6 |  7- 9 | 10-12 | 13-15 || total
---------------------------+-------+-------+-------+-------+-------++-------
  Melee: Flail             |    99 |   108 |   308 |   407 |   714 ||  1636
         Headbutt          |     9 |    15 |    42 |    72 |   193 ||   331
  Throw: Dart              |       |       |       |     5 |    24 ||    29
         Javelin           |       |       |       |       |    13 ||    13
 Invoke: Heroism           |       |       |       |     9 |    29 ||    38
         Receive Weapon    |       |       |       |     1 |       ||     1
         Receive Armour    |       |       |       |     1 |       ||     1
         Finesse           |       |       |       |       |     2 ||     2
  Evoke: Wand              |       |       |       |       |     2 ||     2
    Use: Potion            |       |     4 |       |     3 |     4 ||    11
         Scroll            |       |     4 |     3 |    11 |    12 ||    30
   Stab: Petrified         |       |       |       |       |     4 ||     4
 Armour: Scale mail        |    50 |    47 |       |       |       ||    97
         Plate armour      |       |    26 |   254 |   249 |       ||   529
         Chain mail        |       |       |       |   172 |   432 ||   604
  Dodge: Dodged            |    42 |    34 |    93 |   203 |   196 ||   568
  Block: Buckler           |    27 |    45 |   170 |   175 |       ||   417
         Reflection        |     1 |     2 |     6 |     8 |    48 ||    65
         Kite shield       |       |       |       |   239 |   735 ||   974
         Tower shield      |       |       |       |       |    46 ||    46
